 Dungeon Crawl Stone Soup version 0.23.2 (webtiles) character file.

Game seed: 5139363754858031063

973 Borgoz the Cutter (level 8, -1/67 HPs)
             Began as a Ghoul Gladiator on Apr 3, 2019.
             Slain by a gnoll sergeant
             ... wielding a +2 trident of flaming
              (2 damage)
             ... on level 6 of the Dungeon.
             The game lasted 00:06:20 (4236 turns).

Borgoz the Cutter (Ghoul Gladiator)                 Turns: 4236, Time: 00:06:21

Health: -1/67      AC:  4    Str: 18    XL:     8   Next: 16%
Magic:  7/7        EV: 13    Int:  5    God:
Gold:   233        SH:  0    Dex: 10    Spells: 7/7 levels left

rFire    . . .     SeeInvis .   k - +1 dagger (venom)
rCold    + . .     Gourm    .   (no shield)
rNeg     + + +     Faith    .   b - +0 leather armour
rPois    ∞         Spirit   .   c - +0 helmet
rElec    .         Reflect  .   (no cloak)
rCorr    .         Harm     .   (no gloves)
MR       .....                  (no boots)
Stlth    +.........             (no amulet)
HPRegen  0.00/turn              (no ring)
MPRegen  0.10/turn              (no ring)

@: rotting
A: rotting body, claws 1, carnivore, cold resistance 1, negative energy
resistance 3, inhibited regeneration, torment resistance, unbreathing
a: no special abilities


You were on level 6 of the Dungeon.
You were not hungry.

You visited 1 branch of the dungeon, and saw 6 of its levels.

You collected 233 gold pieces.

Inventory:

Hand Weapons
 a - a +0 rapier
 k - a +1 dagger of venom (weapon)
 l - a +4 dagger
Missiles
 d - 4 throwing nets (quivered)
 u - 3 tomahawks
Armour
 b - a +0 leather armour (worn)
 c - a +0 helmet (worn)
Wands
 e - a wand of polymorph (14)
 w - a wand of paralysis (10)
Scrolls
 g - a scroll of enchant armour {unknown}
 i - 2 scrolls of enchant weapon {unknown}
 j - 4 scrolls of identify {unknown}
 m - a scroll of fear {unknown}
 o - 3 scrolls of magic mapping {unknown}
 p - 3 scrolls of remove curse {unknown}
 s - a scroll of teleportation {unknown}
 v - a scroll of noise {unknown}
 x - a scroll of blinking {unknown}
 y - a scroll of amnesia {unknown}
Potions
 h - a potion of degeneration {unknown}
 n - a potion of haste {unknown}
 q - 2 potions of lignification {unknown}
 r - 2 potions of curing
Comestibles
 f - 13 rations


   Skills:
 + Level 4.4 Fighting
 * Level 5.2 Short Blades
 - Level 1.7 Throwing
 * Level 4.1 Armour
 * Level 5.1 Dodging
 + Level 0.0 Stealth


You had 7 spell levels left.
You didn't know any spells.
Your spell library was empty.

Dungeon Overview and Level Annotations

Branches:
Dungeon (6/15)
 Temple: D:4-7

Altars:
Nemelex Xobeh
Qazlal
Wu Jian


Innate Abilities, Weirdness & Mutations

Your body is rotting away.
You thrive on raw meat.
You are immune to poison.
You have sharp fingernails.
You are carnivorous and can eat meat at any time.
Your flesh is cold resistant. (rC+)
You are immune to negative energy. (rN+++)
You do not regenerate when monsters are visible.
You are immune to unholy pain and torment.
You can survive without breathing.


Message History

Unknown command.
You hit the gnoll.
The gnoll is poisoned.
The gnoll is moderately wounded.
You feel less invigorated.
You feel less confused. The gnoll hits you with a +0 spear.
* * * LOW HITPOINT WARNING * * *
The gnoll misses you.
You feel better.
The gnoll sergeant hits you with a +2 trident of flaming.
* * * LOW HITPOINT WARNING * * *
The gnoll sergeant burns you.
* * * LOW HITPOINT WARNING * * *
The gnoll hits you with a +0 spear.
* * * LOW HITPOINT WARNING * * *
The gnoll closely misses you.
The gnoll sergeant hits you from afar with a +2 trident of flaming.
* * * LOW HITPOINT WARNING * * *
The gnoll sergeant burns you.
You die...

... #....
#########.#.####
#....).##.#.#..
#......##.#..(#
#..%...##.#..(###
#....g.##.#.....
##.g†###.#..####.#
#..g.@...........#
#....###.#..###..#
#....# #.#...# ..#
#....# #.#.#.##..#
#....# #.#.#..#..#
#..... #.#.##.#..#
#..### #.#.#
....#### #..#
#.#.# #.......
#..# #.###...###


You could see a gnoll sergeant and 2 gnolls.

Vanquished Creatures
  Sigmund (D:2)
  An ice beast (D:6)
  2 ogres
  A scorpion (D:5)
  A crimson imp (D:6)
  2 hounds
  An orc wizard (D:4)
  Ijyb (D:5)
  An iguana (D:4)
  2 worker ants (D:4)
  Natasha (thrice) (D:2)
  Robin (D:2)
  6 adders
  A gnoll (D:6)
  A shadow imp (D:5)
  2 worms
  2 dart slugs
  3 leopard geckos
  20 orcs
  6 bats
  8 giant cockroaches
  11 goblins
  6 hobgoblins
  9 jackals
  7 kobolds
  A quokka (D:3)
  2 ball pythons
  8 frilled lizards
  8 rats
118 creatures vanquished.

Notes
Turn   | Place    | Note
-------+----------+-------------------------------------------
     0 | D:1      | Borgoz the Ghoul Gladiator began the quest for the Orb.
     0 | D:1      | Reached XP level 1. HP: 17/17 MP: 0/0
    42 | D:1      | Reached XP level 2. HP: 19/24 MP: 1/1
   330 | D:1      | Reached skill level 1 in Armour
   330 | D:1      | Reached XP level 3. HP: 30/30 MP: 2/2
   701 | D:2      | Noticed Natasha
   709 | D:2      | HP: 1/30 [Natasha/magic dart (5)]
   715 | D:2      | Killed Natasha
   715 | D:2      | Reached XP level 4. HP: 36/37 MP: 3/3
   784 | D:2      | Noticed Natasha
   792 | D:2      | Killed Natasha
   827 | D:2      | Noticed Sigmund
   843 | D:2      | Killed Sigmund
   843 | D:2      | Reached XP level 5. HP: 36/45 MP: 4/4
   843 | D:2      | Reached XP level 6. HP: 41/51 MP: 5/5
   848 | D:2      | Noticed Natasha
   862 | D:2      | Killed Natasha
  1119 | D:2      | Noticed Robin
  1139 | D:2      | Killed Robin
  1915 | D:3      | Found a sparkling altar of Nemelex Xobeh.
  2339 | D:4      | Found a stormy altar of Qazlal.
  2547 | D:4      | Reached XP level 7. HP: 44/58 MP: 6/6
  3201 | D:5      | Entered Level 5 of the Dungeon
  3270 | D:5      | Noticed Ijyb
  3280 | D:5      | Paralysed by Ijyb for 4 turns
  3284 | D:5      | Killed Ijyb
  3597 | D:5      | Reached skill level 5 in Short Blades
  3699 | D:5      | Found an ornate altar of the Wu Jian Council.
  3941 | D:6      | Reached XP level 8. HP: 61/66 MP: 7/7
  3989 | D:6      | Reached skill level 5 in Dodging
  4236 | D:6      | HP: 1/67 [gnoll sergeant/+2 trident of flaming (5)]
  4236 | D:6      | Slain by a gnoll sergeant

Skill      XL: |  1  2  3  4  5  6  7  8 |
---------------+-------------------------+-----
Dodging        | 3 4 5 |  5.1
Short Blades   | 3 4 5 |  5.2
Armour         | 1 2 3 4 |  4.1
Fighting       | 3 4 |  4.4
Throwing       | |  1.7

Action                   |  1- 3 |  4- 6 |  7- 9 || total
-------------------------+-------+-------+-------++-------
Melee: Rapier            |   103 |    49 |       ||   152
       Dagger            |       |   165 |   164 ||   329
Throw: Throwing net      |     3 |     6 |     2 ||    11
       Tomahawk          |       |     1 |       ||     1
  Use: Potion            |     1 |     5 |     3 ||     9
 Stab: Held in net/web   |       |       |     1 ||     1
  Eat: Chunk             |     1 |     6 |     4 ||    11
Armor: Leather armour    |    24 |    45 |    21 ||    90
Dodge: Dodged            |    77 |   119 |    83 ||   279
